 Dungeon Crawl Stone Soup version 0.30.1-4-g462c640d31 (webtiles) character file.

Game seed: 7664053206217420640

18 Logoto the Firebug (level 2, -4/20 HPs)
             Began as a Draconian Fire Elementalist on Aug 30, 2023.
             Slain by a gnoll
             ... wielding a +0 spear
              (6 damage)
             ... on level 2 of the Dungeon.
             The game lasted 00:01:45 (722 turns).

Logoto the Firebug (Draconian Fire Elementalist)     Turns: 722, Time: 00:01:45

Health: -4/20      AC:  4    Str: 10    XL:     2   Next: 48%
Magic:  0/5        EV:  6    Int: 15    God:
Gold:   55         SH:  0    Dex: 11    Spells: 2/5 levels left

rFire   . . .        d - +0 hand axe
rCold   . . .        (no shield)
rNeg    + . .        (body armour unavailable)
rPois   .            (helmet restricted)
rElec   .            (no cloak)
rCorr   .            (no gloves)
SInv    .            (no boots)
Will    +....        (no amulet)
Stlth   ++           e - ring of willpower
HPRegen 0.23/turn    f - ring of positive energy
MPRegen 0.09/turn

%: no passive effects
@: very slightly contaminated, held
A: AC +4, unfitting armour, cold-blooded
a: no special abilities


You were on level 2 of the Dungeon.
You visited 1 branch of the dungeon, and saw 2 of its levels.

You collected 55 gold pieces.

Inventory:

Hand Weapons
 d - a +0 hand axe (weapon)
Jewellery
 e - a ring of willpower (left hand)
 f - a ring of positive energy (right hand)
Scrolls
 b - a scroll of poison {unknown}
 g - a scroll of identify {unknown}
Potions
 a - a potion of magic
 c - a potion of heal wounds {unknown}
 h - a potion of might {unknown}


   Skills:
 + Level 0.2 Axes
 + Level 2.0 Dodging
 + Level 1.8 Stealth
 + Level 2.3 Spellcasting
 + Level 1.0 Conjurations
 + Level 3.3 Fire Magic


You had 2 spell levels left.
You knew the following spells:

 Your Spells              Type           Power      Damage    Failure   Level
a - Foxfire               Conj/Fire      32%        2x1d5     9%          1
b - Scorch                Fire           22%        2d5       9%          2

Your spell library contained the following spells:

 Spells                   Type           Power      Damage    Failure   Level
 Inner Flame              Hex/Fire       6%         N/A       32%         3
 Volatile Blastmotes      Fire/Tloc      12%        2d11      32%         3
 Flame Wave               Conj/Fire      8%         2d5       65%         4


Dungeon Overview and Level Annotations

Branches:
Dungeon (2/15)

Altars:


Innate Abilities, Weirdness & Mutations

Your plain brown scales are hard. (AC +4)
You cannot fit into any form of body armour.
You are cold-blooded and may be slowed by cold attacks.


Message History

The foxfire hits the quokka.
You kill the quokka!
Magic restored.
You open the door.
There is an open door here.
Found a mace.
h - a dark potion You now have 55 gold pieces (gained 2).
You open the door.
Found an escape hatch in the floor.
There is an open door here. 3 gnolls come into view.
The gnoll shouts!
The gnoll shouts! x2; You hear a shout!
You see here 2 cyan potions.
Casting: Foxfire (safe; 9% risk of failure)
Confirm with . or Enter, or press ? or * to list all spells.
You miscast Scorch.
You are very lightly contaminated with residual magic.
Nothing appears to happen.
Casting: Scorch (safe; 9% risk of failure)
Confirm with . or Enter, or press ? or * to list all spells.
Flames lash the gnoll.
The gnoll is heavily wounded.
The gnoll's fire resistance burns away.
The gnoll barely misses you.
You miscast Foxfire.
Nothing appears to happen.
The gnoll hits you from afar with a +0 halberd.
A gnoll comes into view. It is wielding a +0 spear.
The gnoll hits you from afar with a +0 spear!
* * * LOW HITPOINT WARNING * * *
The gnoll hits you from afar with a +0 spear.
* * * LOW HITPOINT WARNING * * *
The gnoll is no longer more vulnerable to fire.
The gnoll throws a throwing net.
The throwing net hits you.
You become entangled in the net!
You see here a throwing net.
You struggle against the net.
You struggle against the net.
The gnoll hits you from afar with a +0 spear.
You die...

..# ..# #.#
#######.#######
#.g.g.g........
#.#####..#####
#..# ####.g####
#.##....g.@.#
..........#.......
######>..######.##
##.#######.
#.........
#.######## ##'##
##..)## ##.....##


You could see 2 gnolls.

Vanquished Creatures
  2 ball pythons (D:1)
  2 bats (D:1)
  2 endoplasms (D:1)
  3 quokkas
  2 frilled lizards
  A goblin (D:1)
  2 kobolds (D:1)
  3 rats (D:1)
17 creatures vanquished.

Vanquished Creatures (others)
  26 foxfires
26 creatures vanquished.

Grand Total: 43 creatures vanquished

Notes
Turn   | Place    | Note
-------+----------+-------------------------------------------
     0 | D:1      | Logoto the Draconian Fire Elementalist began the quest for
                  | the Orb.
     0 | D:1      | Reached XP level 1. HP: 14/14 MP: 3/3
   233 | D:1      | Reached XP level 2. HP: 17/20 MP: 0/5
   286 | D:1      | Learned a level 2 spell: Scorch
   718 | D:2      | HP: 1/20 [gnoll/+0 spear (5)]
   722 | D:2      | Slain by a gnoll

Illustrated notes

Levels and vault maps discovered:
D:1:      tekkud_arrival_beachfront_property, layout_rooms
D:2:      layout_loops_corners, serial_shops, nicolae_shop_hallway_stairs

Skill      XL: |  1  2 |
---------------+-------+-----
Dodging        | 2 |  2.0
Axes           | |  0.2
Stealth        | |  1.8
Spellcasting   | |  2.3
Conjurations   | |  1.0
Fire Magic     | |  3.3

Action                     || total
---------------------------++-------
  Melee: Hand axe          ||    24
         Unarmed           ||     2
         Tailslap          ||     1
   Cast: Foxfire           ||    16
         Scorch            ||     2
 Armour: Skin              ||     9
  Dodge: Dodged            ||    34
